 Dungeon Crawl Stone Soup version 0.22.1-2-g9c5b331 (webtiles) character file.

1582 Monzz the Cleaver (level 8, -5/71 HPs)
             Began as a Hill Orc Monk on Dec 16, 2018.
             Was a Believer of Beogh.
             Slain by Menkaure (18 damage)
             ... on level 6 of the Dungeon.
             The game lasted 00:21:07 (5918 turns).

Monzz the Cleaver (Hill Orc Monk)                   Turns: 5918, Time: 00:21:08

Health: -5/71      AC: 10    Str: 13 (16) XL:     8   Next: 91%
Magic:  8/8        EV:  7    Int: 10      God:    Beogh [**....]
Gold:   105        SH:  0    Dex: 11 (13) Spells: 7/7 levels left

rFire    . . .     SeeInvis .   t - +1 hand axe (chop)
rCold    . . .     Gourm    .   (no shield)
rNeg     . . .     Faith    .   b - +0 chain mail
rPois    .         Spirit   .   (no helmet)
rElec    .         Reflect  .   (no cloak)
rCorr    .         Harm     .   (no gloves)
MR       .....                  (no boots)
Stlth    ..........             (no amulet)
HPRegen  0.21/turn              (no ring)
MPRegen  0.11/turn              (no ring)

@: no status effects
A: no striking features
a: Smiting, Renounce Religion


You were on level 6 of the Dungeon.
You worshipped Beogh.
Beogh was pleased with you.
You were not hungry.

You visited 1 branch of the dungeon, and saw 6 of its levels.

You collected 105 gold pieces.

Inventory:

Hand Weapons
 a - a +0 hand axe
 i - a cursed -3 mace
 t - a +1 hand axe of chopping (weapon)
Missiles
 h - 164 stones (quivered)
Armour
 b - a +0 chain mail (worn)
Scrolls
 f - a scroll of amnesia
Potions
 d - a potion of lignification
 e - a potion of heal wounds
Comestibles
 c - 8 rations


   Skills:
 + Level 6.5 Fighting
 + Level 9.4 Axes
 + Level 0.3 Throwing
 + Level 6.1 Armour
 + Level 3.6 Dodging
 + Level 3.0 Stealth
   Level 0.8 Evocations


You had 7 spell levels left.
You didn't know any spells.
Your spell library was empty.

Dungeon Overview and Level Annotations

Branches:
Dungeon (6/15)             Temple (0/1) D:4

Altars:
Elyvilon
Makhleb
Okawaru
Ru
Uskayaw
Yredelemnul

Annotations:
D:5 Dowan, Duvessa, Edmund
D:6 Menkaure


Message History

Menkaure hits you!!
You hit Menkaure.
Menkaure is almost destroyed.
Your chain mail prevents you from hitting Menkaure.
Menkaure is almost destroyed.
Menkaure hits you!
You barely miss Menkaure.
Menkaure is almost destroyed.
Menkaure points at you and mumbles some strange words.
Pain shoots through your body!
* * * LOW HITPOINT WARNING * * *
You hit Menkaure but do no damage.
Menkaure is almost destroyed.
You hit Menkaure but do no damage.
Menkaure is almost destroyed.
Menkaure hits you but does no damage.
You barely miss Menkaure.
Menkaure is almost destroyed.
Menkaure hits you!!
You die...

########+###########.....
#.............(...#.....
#.................#.....
#.................#.....
#.................#.....
#....##...........'.....
#######...........#.....
#....(M...........#.....
#...o##@..####.####.....
#....*#####**###.....###
#....,,,,,*,,,,#.....#..
#....,,,,,*,,,,#.....#..
#.o..,,,,,*,,,,#.....#..
#....,,,,,+,,,,#.....#..
#####**********#.....###
#######


You could see Menkaure.

Vanquished Creatures
  A two-headed ogre (D:4)
  An ice beast (D:6)
  A sky beast (D:6)
  2 ogres
  A centaur (D:6)
  A scorpion (D:4)
  2 crimson imps (D:5)
  A centaur zombie (D:5)
  A bullfrog zombie (D:6)
  An orc priest (D:6)
  An orc wizard (D:3)
  Terence (D:3)
  An iguana (D:4)
  2 worker ants (D:4)
  3 gnolls (D:4)
  9 adders
  An ooze (D:4)
  An adder zombie (D:5)
  A worm (D:4)
  A dart slug (D:2)
  A leopard gecko (D:3)
  11 orcs
  4 giant cockroaches
  10 goblins
  3 hobgoblins
  7 quokkas
  2 ball pythons
  8 bats
  6 frilled lizards
  10 kobolds
  5 rats
100 creatures vanquished.

Notes
Turn   | Place    | Note
-------+----------+-------------------------------------------
     0 | D:1      | Monzz the Hill Orc Monk began the quest for the Orb.
     0 | D:1      | Reached XP level 1. HP: 19/19 MP: 1/1
   289 | D:1      | Reached XP level 2. HP: 25/27 MP: 2/2
  1009 | D:2      | Reached XP level 3. HP: 33/33 MP: 3/3
  1248 | D:2      | Reached skill level 1 in Armour
  1408 | D:2      | Reached skill level 5 in Axes
  1408 | D:2      | Reached XP level 4. HP: 26/40 MP: 4/4
  1917 | D:3      | Found a faded altar of an unknown god.
  1917 | D:3      | Found a burning altar of Makhleb.
  1927 | D:3      | Found a basalt altar of Yredelemnul.
  1929 | D:3      | Found a sacrificial altar of Ru.
  1931 | D:3      | Found a faded altar of an unknown god.
  2130 | D:3      | Found a sacrificial altar of Ru.
  2142 | D:3      | Reached XP level 5. HP: 44/46 MP: 5/5
  2336 | D:3      | Noticed an ogre
  2348 | D:3      | Killed an ogre
  2348 | D:3      | Reached skill level 6 in Axes
  2478 | D:3      | Reached XP level 6. HP: 53/53 MP: 6/6
  2597 | D:3      | Noticed Terence
  2694 | D:3      | Killed Terence
  2946 | D:3      | Found a white marble altar of Elyvilon.
  3433 | D:4      | Found a staircase to the Ecumenical Temple.
  3438 | D:4      | Noticed a two-headed ogre
  3461 | D:4      | Killed a two-headed ogre
  3461 | D:4      | Reached skill level 5 in Fighting
  3461 | D:4      | Reached skill level 8 in Axes
  3461 | D:4      | Reached XP level 7. HP: 35/61 MP: 7/7
  3461 | D:4      | Reached XP level 8. HP: 39/69 MP: 8/8
  3630 | D:4      | Reached skill level 5 in Armour
  4170 | D:4      | Found an iron altar of Okawaru.
  4661 | D:5      | Entered Level 5 of the Dungeon
  4752 | D:5      | Noticed Duvessa
  4915 | D:5      | Noticed Edmund
  5017 | D:5      | Noticed Dowan
  5402 | D:6      | Found a hide-covered altar of Uskayaw.
  5489 | D:6      | Reached skill level 9 in Axes
  5596 | D:6      | Became a worshipper of Beogh the Brigand
  5596 | D:6      | Reached * piety under Beogh
  5596 | D:6      | Reached ** piety under Beogh
  5905 | D:6      | Noticed Menkaure
  5918 | D:6      | Slain by Menkaure

Skill      XL: |  1  2  3  4  5  6  7  8 |
---------------+-------------------------+-----
Armour         | 1 2 4 6 |  6.1
Fighting       | 4 5 6 |  6.5
Axes           | 5 6 8 9 |  9.4
Stealth        | 2 3 |  3.0
Dodging        | 3 |  3.6
Throwing       | |  0.3
Evocations     | |  0.8

Action                   |  1- 3 |  4- 6 |  7- 9 || total
-------------------------+-------+-------+-------++-------
Melee: Hand axe          |   117 |   192 |   224 ||   533
Throw: Stone             |       |       |     9 ||     9
Invok: Convert to Beogh  |       |       |     1 ||     1
Evoke: Wand              |       |     3 |     3 ||     6
  Use: Scroll            |     4 |     3 |     8 ||    15
       Potion            |       |       |     6 ||     6
 Stab: Sleeping          |       |     2 |       ||     2
       Paralysed         |       |     4 |       ||     4
  Eat: Chunk             |     2 |     6 |     6 ||    14
       Ration            |       |       |     1 ||     1
Armor: Robe              |     4 |       |       ||     4
       Leather armour    |    32 |    11 |       ||    43
       Scale mail        |       |    25 |       ||    25
       Chain mail        |       |    15 |    85 ||   100
Dodge: Dodged            |    92 |    77 |    63 ||   232
